Map: Jagannatha LE

Players

Krystianer - Winner!

  • Race: Protoss Protoss

SKillous

  • Race: Protoss Protoss

Event: DreamHack SC2 Masters 2021 Winter

VOD

Have the link to the VOD?

Description

Time

  • Played on: Oct. 7, 2021, 11:16 a.m.
  • Length: 6:51

All games in this series

Show
View Real Time Build Order
Export as new Build Order

Krystianer Protoss - Winner!

Build Orders:  

Get SALT Encoding   

  12  0:00  Probe  
  13  0:12  Probe  
  14  0:17  Pylon  
  14  0:24  Probe (Chrono Boost)  
  16  0:36  Probe (Chrono Boost)  
  16  0:37  Gateway  
  16  0:44  Probe (Chrono Boost)  
  16  0:46  Assimilator  
  17  0:50  Probe  
  17  0:56  Assimilator  
  18  1:04  Gateway  
  18  1:05  Probe  
  19  1:18  Probe  
  20  1:37  Probe  
  21  1:44  Gateway  
  21  1:45  Gateway  
  21  1:49  Probe  
  22  1:56  Cybernetics Core  
  22  2:03  Pylon  
  22  2:33  Stalker (Chrono Boost)  
  24  2:38  Pylon  
  24  2:50  Cybernetics Core  
  24  3:05  Pylon  
  24  3:07  Probe  
  25  3:13  Pylon  
  26  3:20  Gateway  
  26  3:24  Stalker (Chrono Boost)  
  28  3:32  Shield Battery x2  
  27  3:34  Shield Battery  
  27  3:42  Gateway, Warp Gate (Chrono Boost)  
  27  3:44  Stalker (Chrono Boost)  
  29  3:51  Probe  
  30  3:58  Gateway  
  30  4:06  Stalker  
  32  4:13  Gateway  
  32  4:14  Robotics Facility, Probe  
  33  4:37  Stalker x2  
  37  4:40  Pylon  
  36  5:04  Twilight Council  
  36  5:06  Twilight Council  
  36  5:13  Nexus  
  36  5:26  Stalker x3  
Show
View Real Time Build Order
Export as new Build Order

SKillous Protoss 

Build Orders:  

Get SALT Encoding   

  12  0:00  Probe (Chrono Boost)  
  13  0:09  Probe (Chrono Boost)  
  14  0:14  Probe (Chrono Boost)  
  14  0:21  Pylon  
  15  0:39  Forge  
  15  0:56  Pylon  
  15  0:58  Pylon  
  15  0:59  Pylon  
  15  1:21  Probe  
  15  1:25  Gateway  
  15  1:40  Pylon  
  15  1:41  Photon Cannon, Pylon  
  14  1:49  Probe  
  15  2:03  Probe  
  15  2:05  Photon Cannon  
  15  2:07  Gateway  
  16  2:15  Probe  
  17  2:27  Probe  
  18  2:30  Pylon  
  18  2:39  Probe  
  19  2:51  Probe  
  19  2:55  Photon Cannon, Pylon  
  20  3:00  Photon Cannon  
  20  3:03  Probe  
  20  3:07  Pylon  
  20  3:24  Photon Cannon  
  20  3:25  Photon Cannon  
  20  3:26  Photon Cannon  
  20  3:31  Photon Cannon  
  20  3:36  Assimilator  
  20  3:40  Assimilator  
  20  3:42  Probe  
  21  3:55  Cybernetics Core  
  21  3:56  Probe (Chrono Boost)  
  22  4:05  Probe (Chrono Boost)  
  23  4:10  Probe (Chrono Boost)  
  24  4:22  Probe  
  25  4:26  Pylon  
  25  4:29  Stalker (Chrono Boost)  
  25  4:34  Probe  
  28  4:39  Robotics Facility  
  28  4:40  Warp Gate  
  28  4:46  Probe  
  28  4:48  Shield Battery  
  28  4:56  Stalker  
  30  5:03  Pylon  
  30  5:20  Gateway  
  30  5:28  Immortal (Chrono Boost)  
  34  5:44  Shield Battery  
  34  5:52  Pylon  
  32  6:00  Immortal  

Tags
 
Add a new tag
Caveats
  • Supply blocks, unpowered buildings, or Contaminate may cause inaccurate times.
  • Supply counts are checked every 10 seconds.